 Dungeon Crawl Stone Soup version 0.29-a0-330-g52719c12eb (webtiles) character file.

Game seed: 1985109856979025362

35 Gwenloh the Skirmisher (level 3, -11/33 HPs)
             Began as a Draconian Fighter on May 4, 2022.
             Mangled by a gnoll
             ... wielding a +2 whip of electrocution
              (20 damage)
             ... on level 2 of the Dungeon.
             The game lasted 00:03:09 (1251 turns).

Gwenloh the Skirmisher (Draconian Fighter)          Turns: 1251, Time: 00:03:11

Health: -11/33     AC:  6    Str: 18    XL:     3   Next: 17%
Magic:  3/3        EV: 12    Int: 10    God:
Gold:   62         SH:  4    Dex: 10    Spells: 2/2 levels left

rFire   . . .      SeeInvis .     - Unarmed
rCold   . . .      Faith    .   a - +0 buckler
rNeg    . . .      Spirit   .   (body armour unavailable)
rPois   .          Reflect  .   (helmet restricted)
rElec   .          Harm     .   (no cloak)
rCorr   .          Rampage  .   h - +0 pair of gloves
Will    .....                   (no boots)
Stlth   +.........              (no amulet)
HPRegen 0.11/turn               (no ring)
MPRegen 0.08/turn               (no ring)

@: no status effects
A: AC +5, unfitting armour, cold-blooded
a: no special abilities


You were on level 2 of the Dungeon.
You visited 1 branch of the dungeon, and saw 2 of its levels.

You collected 62 gold pieces.

Inventory:

Missiles
 j - 23 stones (quivered)
Armour
 a - a +0 buckler (worn)
 h - a +0 pair of gloves (worn)
Scrolls
 d - a scroll of blinking {unknown}
 e - a scroll of torment {unknown}
 f - a scroll of noise {unknown}
 i - 2 scrolls of teleportation {unknown}
 k - a scroll of identify {unknown}
Potions
 b - a potion of might
 c - 2 potions of flight {unknown}
 g - a potion of brilliance {unknown}
 l - a potion of mutation {unknown}


   Skills:
 + Level 3.8 Fighting
 + Level 3.0 Dodging
 + Level 3.3 Shields
 + Level 2.3 Unarmed Combat


You had 2 spell levels left.
You didn't know any spells.
Your spell library was empty.

Dungeon Overview and Level Annotations

Branches:
Dungeon (2/15)

Altars:

Shops:
D:1 (   D:2 *


Innate Abilities, Weirdness & Mutations

Your plain brown scales are hard. (AC +5)
You cannot fit into any form of body armour.
You are cold-blooded and may be slowed by cold attacks.


Message History

The gnoll is lightly wounded.
The gnoll hits you with a +0 halberd!
You closely miss the gnoll.
The gnoll is lightly wounded.
The gnoll closely misses you.
You hit the gnoll. You tail-slap the gnoll.
The gnoll is severely wounded.
The gnoll hits you with a +0 halberd.
You closely miss the gnoll.
The gnoll is severely wounded.
The gnoll hits you with a +0 halberd.
* * * LOW HITPOINT WARNING * * *
You hit the gnoll.
You kill the gnoll!
You have reached level 3!
Your experience leads to an increase in your attributes!
Increase (S)trength, (I)ntelligence, or (D)exterity?
You feel clever. x2; Your scales feel tougher.
You hit the gnoll.
The gnoll is moderately wounded.
The gnoll hits you but does no damage.
You hit the gnoll but do no damage.
The gnoll is moderately wounded.
You block the gnoll's attack.
You hit the gnoll but do no damage.
The gnoll is moderately wounded.
The gnoll barely misses you.
You closely miss the gnoll. You tail-slap the gnoll.
The gnoll is moderately wounded.
The gnoll misses you.
You hit the gnoll.
The gnoll is heavily wounded.
The gnoll closely misses you.
You hit the gnoll.
The gnoll is almost dead.
The gnoll hits you with a +2 whip of electrocution.
* * * LOW HITPOINT WARNING * * *
You are electrocuted!!
Ouch! That really hurt!
You die...

.....# #.## ..#
.....#######..# ..##.
###.......###.# ......
.[...####.# #.# #####......
.....####.###.###..........
...........................
.....####..................
.....# #..##.##.####.....#
###........ #.##@# ......
######## ..##g### ..###
#.###...# ..# #∩ #$#(....##
.. ..(.##### ###.## .# (#
(#


You could see a gnoll.

Vanquished Creatures
  A gnoll (D:2)
  3 ball pythons
  3 bats (D:1)
  2 endoplasms
  3 goblins
  3 jackals (D:1)
  2 kobolds (D:1)
  A quokka (D:1)
  7 rats (D:1)
25 creatures vanquished.

Notes
Turn   | Place    | Note
-------+----------+-------------------------------------------
     0 | D:1      | Gwenloh the Draconian Fighter began the quest for the Orb.
     0 | D:1      | Reached XP level 1. HP: 19/19 MP: 1/1
     2 | D:1      | Noticed a vampire
     2 | D:1      | Noticed a ghoul
     4 | D:1      | Noticed a demigod
     4 | D:1      | Noticed a troll
     6 | D:1      | Noticed a felid
     8 | D:1      | Noticed a formicid
     8 | D:1      | Noticed a minotaur
    12 | D:1      | Noticed an octopode
    12 | D:1      | Noticed a spriggan
    14 | D:1      | Noticed a naga
    14 | D:1      | Noticed a merfolk
    16 | D:1      | Noticed a dwarf
    16 | D:1      | Noticed an elf
    18 | D:1      | Noticed a draconian
    18 | D:1      | Noticed a human
    20 | D:1      | Noticed a tengu
    20 | D:1      | Noticed a gargoyle
    22 | D:1      | Noticed a vine stalker
    24 | D:1      | Noticed an ogre
    26 | D:1      | Noticed a demonspawn
    31 | D:1      | Found Neptubbe's Antique Weapon Boutique.
   423 | D:1      | Reached XP level 2. HP: 26/26 MP: 2/2
  1215 | D:2      | Found Heemeuwn's General Store.
  1246 | D:2      | Reached XP level 3. HP: 9/33 MP: 3/3
  1251 | D:2      | Mangled by a gnoll

Illustrated notes

Levels and vault maps discovered:
D:1:      kb_arrival_jail, layout_rooms, serial_rivers,
          chequers_serial_rivers_large_a, chequers_serial_rivers_large_b,
          chequers_serial_rivers_room_a, chequers_serial_rivers_small_b,
          chequers_serial_rivers_marsh, serial_shops, nicolae_shop_stone,
          minivault_27, grunt_decor_mini_mirrors
D:2:      layout_loops_cross, nicolae_ecumenical_snake_handling, serial_shops,
          shop

Skill      XL: |  1  2 |
---------------+-------+-----
Dodging        | 3 |  3.0
Fighting       | |  3.8
Shields        | |  3.3
Unarmed Combat | |  2.3

Action                   || total
-------------------------++-------
Melee: Unarmed           ||   101
       Tailslap          ||    13
Throw: Stone             ||     7
Armor: Skin              ||    31
Dodge: Dodged            ||    47
Block: Buckler           ||    17

Table legend: (Time is in decaauts)
 A = Elapsed time spent in this place.
 B = Non-inter-level travel time spent in this place.
 C = Inter-level travel time spent in this place.
 D = Time resting spent in this place.
 E = Time spent auto-exploring this place.
 F = Levels seen in this place.
 G = Mean time per level.
                   A        B        C        D        E       F      G
               +--------+--------+--------+--------+--------+-----+--------+
         Total |   1291 |   1248 |     43 |      2 |   1012 |   2 |  645.5 |
       Dungeon |   1291 |   1248 |     43 |      2 |   1012 |   2 |  645.5 |
               +--------+--------+--------+--------+--------+-----+--------+

Top non-repeatable levels by time:
     D:1: 1204 daAuts
     D:2: 87 daAuts
